 Dungeon Crawl Stone Soup version 0.29-a0-9-g022ca4c890 (webtiles) character file.

Game seed: 6397535601098671101

1850 dolemite99 the Cleaver (level 8, -3/68 HPs)
             Began as a Minotaur Fighter on Jan 28, 2022.
             Was a Follower of Dithmenos.
             Slain by an ice beast (12 damage)
             ... on level 7 of the Dungeon.
             The game lasted 00:07:02 (6344 turns).

dolemite99 the Cleaver (Minotaur Fighter)           Turns: 6344, Time: 00:07:02

Health: -3/68      AC: 14    Str: 24    XL:     8   Next: 88%
Magic:  7/7        EV:  6    Int:  5    God:    Dithmenos [*.....]
Gold:   349        SH:  5    Dex: 13    Spells: 7/7 levels left

rFire   + . .      SeeInvis .   a - +0 war axe
rCold   . . .      Faith    .   c - +0 buckler
rNeg    . . .      Spirit   .   J - +0 plate armour
rPois   +          Reflect  .   (helmet restricted)
rElec   .          Harm     .   (no cloak)
rCorr   .          Rampage  .   v - +0 pair of gloves
Will    +....                   G - +1 pair of boots
Stlth   ..........              r - amulet of the acrobat
HPRegen 0.21/turn               g - ring of willpower
MPRegen 0.10/turn               i - ring of Yciuz {rPois rF+ Str+2 Dex+2}

@: mighty, wreathed by umbra
A: horns 2, retaliatory headbutt
a: Renounce Religion


You were on level 7 of the Dungeon.
You worshipped Dithmenos.
Dithmenos was aware of your devotion.
You visited 1 branch of the dungeon, and saw 7 of its levels.

You collected 349 gold pieces.

Inventory:

Hand Weapons
 a - a +0 war axe (weapon)
 b - the +2 hunting sling of Righteous Fury {venom, rN+ SInv}
   (You found it on level 4 of the Dungeon)

   Any ammunition fired from it poisons the flesh of those it strikes.
   rN:        It protects you from negative energy.
   SInv:      It lets you see invisible.
Missiles
 k - 49 arrows
 p - 3 poisoned darts (quivered)
 t - 6 curare-tipped darts
 x - 101 stones
 K - 5 javelins
 N - a throwing net
Armour
 c - a +0 buckler (worn)
 v - a +0 pair of gloves (worn)
 w - a +0 ring mail of fire resistance
 C - a +0 chain mail
 D - a +0 scale mail
 G - a +1 pair of boots (worn)
 J - a +0 plate armour (worn)
Jewellery
 f - a +4 ring of evasion
 g - a ring of willpower (left hand)
 i - the ring of Yciuz (right hand) {rPois rF+ Str+2 Dex+2}
   (You acquired it on level 4 of the Dungeon)

   [ring of protection from fire]

   Str:       It affects your strength (+2).
   Dex:       It affects your dexterity (+2).
   rF:        It protects you from fire.
   rPois:     It protects you from poison.
 r - an amulet of the acrobat (around neck)
 y - a ring of resist corrosion
 M - a ring of ice
Wands
 q - a wand of flame (22)
Scrolls
 e - a scroll of teleportation
 h - 3 scrolls of vulnerability
 l - 4 scrolls of identify {@r1}
 u - a scroll of blinking
 A - 2 scrolls of noise {unknown}
 B - a scroll of summoning {unknown}
Potions
 j - 2 potions of haste
 m - a potion of mutation {unknown}
 n - a potion of brilliance {unknown}
 o - a potion of cancellation
 s - a potion of flight {unknown}
 z - a potion of degeneration {unknown}
 E - a potion of curing {unknown}
 F - a potion of magic {unknown}
 I - a potion of lignification {unknown}
 L - a potion of attraction {unknown}


   Skills:
 + Level 5.1 Fighting
 - Level 10.1 Axes
 - Level 8.1 Slings
 - Level 3.6 Armour
 - Level 3.6 Shields


You had 7 spell levels left.
You didn't know any spells.
Your spell library contained the following spells:

 Spells                   Type           Power      Damage    Failure   Level
 Apportation              Tloc           0%         N/A       100%        1
 Corpse Rot               Necr/Air       0%         N/A       100%        2
 Poisonous Vapours        Pois/Air       0%         N/A       100%        2
 Conjure Flame            Conj/Fire      0%         6-21      100%        3
 Dazzling Flash           Conj/Hex       0%         N/A       100%        3
 Ignite Poison            Fire/Tmut/Pois 0%         N/A       100%        3
 Sticky Flame             Conj/Fire      0%         2d3       100%        4
 Agony                    Necr           0%         N/A       100%        5
 Alistair's Intoxication  Tmut/Pois      0%         N/A       100%        5
 Silence                  Hex/Air        0%         N/A       100%        5
 Dispersal                Tloc           0%         N/A       100%        6
 Disjunction              Tloc           0%         N/A       100%        8


Dungeon Overview and Level Annotations

Branches:
Dungeon (7/15)             Temple (0/1) D:4

Altars:
Dithmenos


Innate Abilities, Weirdness & Mutations

You have a pair of horns on your head.
You reflexively headbutt those who attack you in melee.


Message History

The orc warrior is severely wounded.
The orc warrior hits you with a +0 short sword.
* * * LOW HITPOINT WARNING * * *
You hit the orc warrior but do no damage.
The orc warrior is severely wounded.
The orc warrior hits you with a +0 short sword!
* * * LOW HITPOINT WARNING * * *
You feel much better.
The orc warrior hits you with a +0 short sword.
You hit the orc warrior but do no damage.
The orc warrior is severely wounded.
The orc warrior hits you with a +0 short sword.
You barely miss the orc warrior.
The orc warrior is severely wounded.
The orc warrior hits you with a +0 short sword!
* * * LOW HITPOINT WARNING * * *
You slash the orc warrior!
The orc warrior is almost dead.
The orc warrior hits you with a +0 short sword!
* * * LOW HITPOINT WARNING * * *
You hit the orc warrior.
You kill the orc warrior!
Dithmenos accepts your kill.
Your life force feels restored.
Your Fighting skill increases to level 5!
Unknown command.
Welcome back, dolemite99 the Minotaur Fighter.
Dithmenos says: Spread the eternal night.
Press ? for a list of commands and other information.
There are monsters nearby!
You feel very mighty all of a sudden.
The ice beast hits you but does no damage.
You barely miss the ice beast.
The ice beast hits you but does no damage.
You hit the ice beast.
The ice beast is lightly wounded.
The ice beast hits you.
* * * LOW HITPOINT WARNING * * *
The ice beast freezes you!
You die...

♣ ####
..# #[#
#@# #Y#
#o#
#........
#.....###
#######


You could see an ice beast and an orc.

Vanquished Creatures
  2 water moccasins
  An orc warrior (D:7)
  A sky beast (D:7)
  A black bear (D:4)
  2 ogres (D:6)
  3 phantoms
  A scorpion (D:6)
  A water moccasin zombie (D:5)
  A wyvern skeleton (D:6)
  A howler monkey (D:6)
  A centaur zombie (D:7)
  2 centaur skeletons
  2 hounds
  2 orc priests
  A bullfrog skeleton (D:6)
  5 iguanas
  Jessica (D:3)
  Terence (D:2)
  3 orc wizards
  A hound skeleton (D:4)
  6 gnolls
  A howler monkey skeleton (D:5)
  8 adders
  2 shadow imps (D:6)
  An adder skeleton (D:4)
  5 dart slugs
  16 orcs
  4 endoplasms
  4 giant cockroaches
  9 goblins
  4 hobgoblins
  8 kobolds
  8 ball pythons
  7 bats
  4 frilled lizards
  4 rats
124 creatures vanquished.

Vanquished Creatures (others)
  An orc (D:7)
  9 fungi (D:6)
  29 plants (D:3)
39 creatures vanquished.

Grand Total: 163 creatures vanquished

Notes
Turn   | Place    | Note
-------+----------+-------------------------------------------
     0 | D:1      | dolemite99 the Minotaur Fighter began the quest for the
                  | Orb.
     0 | D:1      | Reached XP level 1. HP: 19/19 MP: 0/0
   105 | D:1      | Reached skill level 3 in Axes
   110 | D:1      | Reached XP level 2. HP: 24/26 MP: 1/1
   485 | D:1      | Reached skill level 4 in Axes
   880 | D:2      | Reached XP level 3. HP: 28/31 MP: 2/2
  1175 | D:2      | Noticed Terence
  1191 | D:2      | Killed Terence
  1192 | D:2      | Reached skill level 5 in Axes
  1192 | D:2      | Reached XP level 4. HP: 20/39 MP: 3/3
  1340 | D:2      | Found a faded altar of an unknown god.
  1868 | D:3      | Noticed Jessica
  1880 | D:3      | Killed Jessica
  1881 | D:3      | Reached skill level 6 in Axes
  1928 | D:3      | Reached XP level 5. HP: 34/45 MP: 4/4
  2325 | D:3      | Identified the +1 robe of Munoith {Str-5 Int+3 Dex+4}
  2524 | D:3      | Reached skill level 7 in Axes
  2739 | D:4      | Noticed a black bear
  2750 | D:4      | Killed a black bear
  2751 | D:4      | Reached XP level 6. HP: 38/51 MP: 5/5
  2883 | D:4      | Found a shadowy altar of Dithmenos.
  2889 | D:4      | Became a worshipper of Dithmenos the Shadowed
  3009 | D:4      | Reached skill level 8 in Axes
  3038 | D:4      | Reached skill level 9 in Axes
  3038 | D:4      | Reached XP level 7. HP: 29/57 MP: 6/6
  3332 | D:4      | Identified the +2 hunting sling of Righteous Fury {venom,
                  | rN+ SInv}
  3482 | D:4      | Found a staircase to the Ecumenical Temple.
  3990 | D:4      | Identified a scroll of acquirement
  3991 | D:4      | Acquired the ring of Yciuz {rPois rF+ Str+2 Dex+2}
  4303 | D:5      | Entered Level 5 of the Dungeon
  4471 | D:5      | Reached * piety under Dithmenos
  4472 | D:5      | Reached skill level 10 in Axes
  4866 | D:5      | Reached skill level 1 in Slings
  5472 | D:6      | Reached XP level 8. HP: 30/64 MP: 7/7
  5716 | D:6      | Reached skill level 5 in Slings
  6289 | D:7      | Noticed a two-headed ogre
  6289 | D:7      | Noticed a two-headed ogre
  6289 | D:7      | Noticed a komodo dragon
  6342 | D:7      | Reached skill level 5 in Fighting
  6344 | D:7      | Slain by an ice beast

Illustrated notes

Levels and vault maps discovered:
D:1:      dpeg_arrival_windows_large_door, layout_basic, corexii_corridor_pit
D:2:      layout_loops_corners, shapermc_ecumenical_altar_totnotflames,
          minmay_tromino_mix6, uniq_terence
D:3:      layout_loops_ring, serial_bayou, serial_bayou_pond_d,
          serial_bayou_ford_a, serial_bayou_pond_b, serial_bayou_lagoon_a,
          uniq_jessica
D:4:      layout_layer_cave, grunt_dithmenos_smoke_and_mirrors,
          minmay_temple_entry_tees, serial_rivers,
          chequers_serial_rivers_large_b, chequers_serial_rivers_small_b,
          chequers_serial_rivers_small_3, chequers_serial_rivers_micro_b,
          chequers_serial_rivers_room_a, minmay_diced_spiral
D:5:      layout_basic
D:6:      layout_basic, serial_aquarium, aquarium_bridge_square
          [aquarium_subvault_bridge, aquarium_subvault_bridge,
          aquarium_subvault_window, aquarium_subvault_bridge],
          aquarium_window_2, aquarium_window_corner, aquarium_window_1,
          aquarium_view_2d, aquarium_view_2d, aquarium_balcony_3a,
          minmay_crystal_water
D:7:      nzn_winding_woodlands_large [nzn_winding_woodlands_5x5_open_star,
          nzn_winding_woodlands_5x15_concentric,
          nzn_winding_woodlands_5x5_checkerboard,
          nzn_winding_woodlands_center_pierced_h,
          nzn_winding_woodlands_15x15_killbox,
          nzn_winding_woodlands_center_triple_pond,
          nzn_winding_woodlands_5x5_default,
          nzn_winding_woodlands_5x15_longhouse,
          nzn_winding_woodlands_hourglass], layout_basic

Skill      XL: |  1  2  3  4  5  6  7  8 |
---------------+-------------------------+-----
Axes           | 3 4 5 6 7 9 10 | 10.1
Slings         | 4 8 |  8.1
Fighting       | 5 |  5.1
Armour         | |  3.6
Shields        | |  3.6

Action                   |  1- 3 |  4- 6 |  7- 9 || total
-------------------------+-------+-------+-------++-------
Melee: War axe           |    66 |   104 |    51 ||   221
       Headbutt          |    12 |    11 |     7 ||    30
 Fire: Hunting sling     |       |       |   143 ||   143
Throw: Dart              |       |     4 |     1 ||     5
Evoke: Wand              |       |       |     1 ||     1
  Use: Scroll            |       |       |     8 ||     8
       Potion            |       |       |     6 ||     6
Armor: Scale mail        |    23 |    30 |     3 ||    56
       Plate armour      |       |       |    37 ||    37
Dodge: Dodged            |    43 |    65 |    25 ||   133
Block: Buckler           |    15 |    22 |    18 ||    55

Table legend: (Time is in decaauts)
 A = Elapsed time spent in this place.
 B = Non-inter-level travel time spent in this place.
 C = Inter-level travel time spent in this place.
 D = Time resting spent in this place.
 E = Time spent auto-exploring this place.
 F = Levels seen in this place.
 G = Mean time per level.
                   A        B        C        D        E       F      G
               +--------+--------+--------+--------+--------+-----+--------+
         Total |   6438 |   6298 |    140 |    770 |   4471 |   7 |  919.7 |
       Dungeon |   6438 |   6298 |    140 |    770 |   4471 |   7 |  919.7 |
               +--------+--------+--------+--------+--------+-----+--------+

Top non-repeatable levels by time:
     D:4: 1663 daAuts
     D:2: 1005 daAuts
     D:6: 960 daAuts
     D:5: 914 daAuts
     D:1: 885 daAuts
     D:3: 842 daAuts
     D:7: 167 daAuts
